 Dungeon Crawl Stone Soup version 0.22.1-1-ga44c0e56f4 (webtiles) character file.

2636 Mjsee792 the Blocker (level 9, -8/82 HPs)
             Began as a Minotaur Fighter on Oct 14, 2018.
             Was a Priest of Okawaru.
             Mangled by an orc warrior
             ... wielding a +0 dire flail
              (13 damage)
             ... on level 7 of the Dungeon.
             The game lasted 00:10:07 (5847 turns).

Mjsee792 the Blocker (Minotaur Fighter)             Turns: 5847, Time: 00:10:08

Health: -8/82      AC: 10    Str: 27    XL:     9   Next: 35%
Magic:  8/8        EV: 12    Int:  5    God:    Okawaru [***...]
Gold:   746        SH: 13    Dex: 12    Spells: 8/8 levels left

rFire    . . .     SeeInvis .   a - +1 war axe
rCold    . . .     Gourm    .   c - +1 shield
rNeg     . . .     Faith    .   B - +1 ring mail {MR+}
rPois    .         Spirit   .   (helmet restricted)
rElec    .         Reflect  .   u - +0 cloak
rCorr    .         Harm     .   v - +0 pair of gloves (curse)
MR       +....                  (no boots)
Stlth    +.........             (no amulet)
HPRegen  0.23/turn              (no ring)
MPRegen  0.11/turn              (no ring)

@: mighty
A: retaliatory headbutt, horns 2
a: Heroism, Renounce Religion


You were on level 7 of the Dungeon.
You worshipped Okawaru.
Okawaru was most pleased with you.
You were not hungry.

You visited 1 branch of the dungeon, and saw 7 of its levels.
You also visited: Ossuary.

You collected 746 gold pieces.

Inventory:

Hand Weapons
 a - a +1 war axe (weapon)
Armour
 b - a +0 scale mail
 c - a +1 shield (worn)
 h - a +0 pair of gloves
 u - a +0 cloak (worn)
 v - a cursed +0 pair of gloves (worn)
 B - a +1 ring mail of magic resistance (worn)
Wands
 y - a wand of flame (27)
 z - a wand of random effects (14)
 A - a wand of polymorph (12)
Scrolls
 e - 5 scrolls of teleportation {unknown}
 l - 2 scrolls of enchant armour
 p - 3 scrolls of enchant weapon
 r - 4 scrolls of identify
 t - 3 scrolls of remove curse {unknown}
 w - a scroll of fog
 C - a scroll of amnesia
Potions
 d - a potion of might
 g - 4 potions of haste
 i - a potion of brilliance {unknown}
 j - 2 potions of mutation {unknown}
 k - a potion of degeneration {unknown}
 m - 2 potions of ambrosia {unknown}
 n - 3 potions of lignification {unknown}
 o - 2 potions of agility {unknown}
 q - 2 potions of cancellation {unknown}
 s - a potion of magic {unknown}
 x - 7 potions of curing
Comestibles
 f - 7 rations


   Skills:
 + Level 8.3 Fighting
 - Level 2.4 Axes
 + Level 8.5 Armour
 + Level 5.2 Dodging
 + Level 9.8 Shields


You had 8 spell levels left.
You didn't know any spells.
Your spell library contained the following spells:

 Spells                   Type           Power        Failure   Level  Hunger
 Corona                   Hex            #......      82%         1    ##.....
 Ensorcelled Hibernation  Hex/Ice        #.....       91%         2    ###....
 Confuse                  Hex            #.......     99%         3    ####...
 Dazzling Spray           Conj/Hex       #.....       99%         3    ####...
 Tukima's Dance           Hex            #.......     99%         3    ####...
 Malign Gateway           Summ/Tloc      #.........   100%        7    #######
 Monstrous Menagerie      Summ           #.........   100%        7    #######
 Summon Greater Demon     Summ           #.........   100%        7    #######
 Summon Horrible Things   Summ           #.........   100%        8    #######


Dungeon Overview and Level Annotations

Branches:
Dungeon (7/15)
 Temple: D:4-7

Altars:
Hepliaklqana
Makhleb
Okawaru
Qazlal

Annotations:
D:6 3 runed doors, Cykl0x's ghost, novice DsBe


Innate Abilities, Weirdness & Mutations

You reflexively headbutt those who attack you in melee.
You have a pair of horns on your head.


Message History

An orc priest comes into view. It is wielding a trident.
Things that are here:
2 arrows; a quokka corpse Unknown command.
You slice the centaur!!
You kill the centaur!
Okawaru accepts your kill.
You hit the orc warrior but do no damage.
The orc warrior barely misses you. You furiously retaliate!
You headbutt the orc warrior!
Unknown command.
You closely miss the orc warrior.
The orc warrior is heavily wounded.
A bullfrog comes into view.
You block the orc warrior's attack.
The bullfrog moves out of view.
You closely miss the orc warrior. Your headbutt misses the orc warrior.
The orc warrior is heavily wounded.
You block the orc warrior's attack.
The orc warrior hits you with a dire flail!
You die...

.# .. ####.. #.
###...... .# #.
###........ .
#>###.......... #
#.###.#..†#(.......
#.##.#....o###(.......
<...(...)@()(..(....
#...##.####...>....
###..#>.# ##.......
#......## .......
....#.##.# ....... . #
#.# h...... #.#
h...... #.### .......
#...#


You could see an orc warrior.

Vanquished Creatures
  A hippogriff (D:7)
  Sigmund (D:4)
  Eustachio (D:5)
  2 steam dragons
  An ice beast (D:5)
  A phantom (D:4)
  An ogre (D:6)
  3 centaurs
  A crocodile (D:7)
  A water moccasin zombie (D:7)
  A scorpion (D:4)
  3 howler monkeys (D:7)
  2 bullfrog zombies
  A crimson imp (D:7)
  A centaur zombie (D:5)
  A quasit (D:7)
  A hound (D:3)
  2 jellies
  2 orc priests
  7 orc wizards
  2 bullfrog skeletons
  2 iguanas
  6 worker ants
  A big kobold zombie (Ossuary)
  A hound zombie (D:7)
  A hound skeleton (D:7)
  8 mummies (Ossuary)
  4 adders
  2 howler monkey skeletons
  A shadow imp (D:6)
  3 oozes
  5 dart slugs
  4 leopard geckos
  24 orcs
  3 ball pythons
  7 bats
  7 giant cockroaches
  6 goblins
  10 hobgoblins
  3 jackals (D:3)
  5 quokkas
  6 frilled lizards
  A giant cockroach zombie (D:6)
  3 gnoll zombies (Ossuary)
  5 kobolds
  2 kobold zombies (Ossuary)
  A leopard gecko skeleton (D:4)
  2 orc zombies (Ossuary)
  A quokka zombie (D:4)
  5 rats
165 creatures vanquished.

Vanquished Creatures (others)
  A leopard gecko (D:6)
1 creature vanquished.

Grand Total: 166 creatures vanquished

Notes
Turn   | Place    | Note
-------+----------+-------------------------------------------
     0 | D:1      | Mjsee792 the Minotaur Fighter began the quest for the Orb.
     0 | D:1      | Reached XP level 1. HP: 19/19 MP: 0/0
   110 | D:1      | Reached XP level 2. HP: 27/27 MP: 1/1
   152 | D:1      | Reached skill level 4 in Shields
   679 | D:1      | Reached XP level 3. HP: 32/33 MP: 2/2
  1219 | D:2      | Reached skill level 1 in Dodging
  1522 | D:2      | Found an iron altar of Okawaru.
  1528 | D:2      | Became a worshipper of Warmaster Okawaru
  1744 | D:2      | Reached XP level 4. HP: 39/40 MP: 3/3
  1956 | D:3      | Found a faded altar of an unknown god.
  2028 | D:3      | Reached skill level 5 in Shields
  2497 | D:3      | Reached XP level 5. HP: 32/46 MP: 4/4
  2501 | D:3      | Reached skill level 5 in Armour
  2703 | D:4      | Noticed a phantom
  2794 | D:4      | Reached XP level 6. HP: 38/53 MP: 5/5
  2831 | D:4      | Reached skill level 6 in Shields
  2835 | D:4      | Reached * piety under Okawaru
  3036 | D:4      | Reached skill level 5 in Fighting
  3073 | D:4      | Noticed Sigmund
  3087 | D:4      | Killed Sigmund
  3087 | D:4      | Reached skill level 7 in Shields
  3087 | D:4      | Reached XP level 7. HP: 40/61 MP: 6/6
  3262 | D:4      | Found a hazy altar of Hepliaklqana.
  3696 | D:5      | Entered Level 5 of the Dungeon
  3717 | D:5      | Noticed Eustachio
  3755 | D:5      | Killed Eustachio
  3755 | D:5      | Reached ** piety under Okawaru
  3755 | D:5      | Reached XP level 8. HP: 36/70 MP: 7/7
  3797 | D:5      | Found a burning altar of Makhleb.
  3845 | D:5      | Reached skill level 8 in Shields
  3885 | D:5      | Found a sand-covered staircase.
  3897 | Ossuary  | Entered an ossuary
  4795 | D:6      | Found a runed gate.
  4795 | D:6      | Found a runed gate.
  4795 | D:6      | Found a runed gate.
  4816 | D:6      | Noticed Cykl0x's ghost (novice DsBe)
  5039 | D:6      | Found a stormy altar of Qazlal.
  5040 | D:6      | Noticed an air elemental
  5444 | D:6      | Reached skill level 9 in Shields
  5746 | D:7      | Reached *** piety under Okawaru
  5815 | D:7      | Reached XP level 9. HP: 38/80 MP: 8/8
  5839 | D:7      | Reached skill level 5 in Dodging
  5842 | D:7      | HP: 4/81 [steam dragon/ball of steam (11)]
  5847 | D:7      | Mangled by an orc warrior

Skill      XL: |  1  2  3  4  5  6  7  8  9 |
---------------+----------------------------+-----
Armour         | 4 5 6 7 8 |  8.5
Shields        | 4 5 7 9 |  9.8
Dodging        | 1 2 3 4 5 |  5.2
Fighting       | 4 5 6 7 8 |  8.3
Axes           | |  2.4

Action                   |  1- 3 |  4- 6 |  7- 9 || total
-------------------------+-------+-------+-------++-------
Melee: War axe           |   118 |   126 |   232 ||   476
       Headbutt          |    15 |    17 |    57 ||    89
  Use: Scroll            |       |       |     8 ||     8
       Potion            |       |       |     1 ||     1
  Eat: Chunk             |     2 |     5 |     6 ||    13
       Ration            |       |       |     1 ||     1
Armor: Scale mail        |    55 |    51 |   104 ||   210
       Ring mail         |       |       |    21 ||    21
Dodge: Dodged            |    36 |    38 |   101 ||   175
Block: Shield            |    75 |    83 |   173 ||   331
